 Dungeon Crawl Stone Soup version 0.28-a0-909-g796cbd3a86 (webtiles) character file.

Game seed: 9524383873877973475

8 ytrimaz the Shield-Bearer (level 2, 24/24 HPs)
             Began as a Formicid Fighter on Nov 24, 2021.
             Quit the game on level 1 of the Dungeon.
             The game lasted 00:00:27 (250 turns).

ytrimaz the Shield-Bearer (Formicid Fighter)         Turns: 250, Time: 00:00:27

Health: 24/24      AC:  6    Str: 20    XL:     2   Next: 15%
Magic:  2/2        EV:  9    Int:  7    God:
Gold:   24         SH:  4    Dex: 10    Spells: 1/1 levels left

rFire   . . .      SeeInvis +   a - +0 war axe
rCold   . . .      Faith    .   c - +0 buckler
rNeg    . . .      Spirit   .   b - +0 scale mail
rPois   .          Reflect  .   (helmet unavailable)
rElec   .          Harm     .   (no cloak)
rCorr   .          Rampage  .   (no gloves)
Will    .....                   (no boots)
Stlth   ..........              (no amulet)
HPRegen 0.08/turn               (no ring)
MPRegen 0.08/turn               (no ring)

@: no status effects
A: permanent stasis, dig shafts and tunnels, antennae 3, four strong arms
a: Dig, Shaft Self


You were on level 1 of the Dungeon.
You visited 1 branch of the dungeon, and saw 1 of its levels.

You collected 24 gold pieces.

Inventory:

Hand Weapons
 a - a +0 war axe (weapon)
Armour
 b - a +0 scale mail (worn)
 c - a +0 buckler (worn)
Scrolls
 e - a scroll of amnesia {unknown}
Potions
 d - a potion of might


   Skills:
 + Level 3.6 Fighting
 + Level 2.1 Axes
 + Level 3.5 Armour
 - Level 3.6 Shields


You had one spell level left.
You didn't know any spells.
Your spell library contained the following spells:

 Spells                   Type           Power      Damage    Failure   Level
 Animate Skeleton         Necr           0%         N/A       78%         1
 Pain                     Necr           0%         1d4       78%         1
 Vampiric Draining        Necr           0%         2d6       98%         3


Dungeon Overview and Level Annotations

Branches:
Dungeon (1/15)

Altars:


Innate Abilities, Weirdness & Mutations

You cannot be hasted, slowed, berserked, paralysed or teleported.
You can dig through walls and to a lower floor.
You have a pair of large antennae on your head. (SInv)
Your four strong arms can wield two-handed weapons with a shield.


Message History

There are monsters nearby!
The goblin shouts!
The kobold misses you.
You slash the kobold!
You kill the kobold!
You barely miss the goblin.
The goblin hits you but does no damage. x2
The goblin hits you with a +0 club.
Things that are here:
a +0 whip; a kobold corpse The goblin completely misses you.
You barely miss the goblin. The goblin barely misses you.
You slash the goblin!
You kill the goblin!
You have reached level 2!
You see here a +0 club.
You now have 24 gold pieces (gained 9).
You open the door.
There is an open door here.
You sense a monster nearby.
An endoplasm comes into view.
The endoplasm quivers.
The endoplasm moves out of view.
An endoplasm is nearby!
You hit the endoplasm.
The endoplasm is almost dead.
The endoplasm barely misses you. The endoplasm freezes you.
You are frozen.
You hit the endoplasm.
You kill the endoplasm!
You sense a monster nearby.
You sense a monster nearby.
You sense a monster nearby.
A ball python and a hobgoblin come into view.
The hobgoblin shouts!
There are monsters nearby!
There are monsters nearby!
Unknown command.
There are monsters nearby!
Are you sure you want to abandon this character and quit the game? (Confirm with "yes".)

####..#.#.### #
#.....#.....#.#
#.....###.#.#.#
+.............# ....#
#.....###.#.#.# ....#
#.....#.....# ....#
#.....#.#.### ....#
#.......#.# ....#
#.....###@# ....#
#.............S..
....#####.##..###.......
....................g...
#......##.#######......#
#......##.#### ......#
.............. ....#..
............. .......
.####.....#..


You could see a hobgoblin and a ball python.

Vanquished Creatures
  3 endoplasms (D:1)
  2 goblins (D:1)
  A frilled lizard (D:1)
  A kobold (D:1)
7 creatures vanquished.

Notes
Turn   | Place    | Note
-------+----------+-------------------------------------------
     0 | D:1      | ytrimaz the Formicid Fighter began the quest for the Orb.
     0 | D:1      | Reached XP level 1. HP: 18/18 MP: 1/1
   143 | D:1      | Reached XP level 2. HP: 23/24 MP: 2/2
   250 | D:1      | Quit the game

Illustrated notes

Levels and vault maps discovered:
D:1:      amcnicky_arrival_blooded_trapdoor, layout_basic,
          chequers_serial_rivers_micro_b, minmay_misc_feat_roman,
          minmay_misc_feat_x

Action                   || total
-------------------------++-------
Melee: War axe           ||     9
Armor: Scale mail        ||     2
Dodge: Dodged            ||     5
Block: Buckler           ||     1

Table legend: (Time is in decaauts)
 A = Elapsed time spent in this place.
 B = Non-inter-level travel time spent in this place.
 C = Inter-level travel time spent in this place.
 D = Time resting spent in this place.
 E = Time spent auto-exploring this place.
 F = Levels seen in this place.
 G = Mean time per level.
                   A        B        C        D        E       F      G
               +--------+--------+--------+--------+--------+-----+--------+
         Total |    253 |    253 |      0 |      0 |    200 |   1 |  253.0 |
       Dungeon |    253 |    253 |      0 |      0 |    200 |   1 |  253.0 |
               +--------+--------+--------+--------+--------+-----+--------+

Top non-repeatable levels by time:
     D:1: 253 daAuts
